 Dungeon Crawl Stone Soup version 0.27-a0-406-g23f261fbd2 (webtiles) character file.

Game seed: 16991391284234462194

1031 sanka the Cleaver (level 8, -1/66 HPs)
             Began as a Ghoul Monk on Feb 22, 2021.
             Slain by Maggie
             ... wielding a +2 glaive of flaming
              (8 damage)
             ... on level 6 of the Dungeon.
             The game lasted 00:13:37 (7135 turns).

sanka the Cleaver (Ghoul Monk)                      Turns: 7135, Time: 00:13:38

Health: -1/66      AC:  8    Str: 17    XL:     8   Next: 23%
Magic:  7/7        EV: 11    Int:  5    God:
Gold:   183        SH:  0    Dex: 11    Spells: 7/7 levels left

rFire    . . .     SeeInvis +   a - +0 war axe
rCold    + + .     Faith    .   (no shield)
rNeg     + + +     Spirit   .   b - +1 ring mail {rC+}
rPois    ∞         Reflect  .   d - +0 helmet
rElec    .         Harm     .   (no cloak)
rCorr    .         Rampage  .   g - +0 pair of gloves
Will     .....                  (no boots)
Stlth    +.........             (no amulet)
HPRegen  0.00/turn              w - ring of see invisible
MPRegen  0.10/turn              (no ring)

@: mesmerised
A: claws 1, cold resistance 1, negative energy resistance 3, inhibited
regeneration, torment resistance, unbreathing
a: no special abilities


You were on level 6 of the Dungeon.
You visited 1 branch of the dungeon, and saw 6 of its levels.
You also visited: Sewer.

You collected 183 gold pieces.


Innate Abilities, Weirdness & Mutations

You thrive by killing the living.
You are immune to poison.
You have sharp fingernails.
Your flesh is cold resistant. (rC+)
You are immune to negative energy. (rN+++)
You do not regenerate when monsters are visible.
You are immune to unholy pain and torment.
You can survive without breathing.


   Skills:
 + Level 4.2 Fighting
 * Level 8.7 Axes
 - Level 2.6 Dodging
 - Level 2.1 Stealth


You had 7 spell levels left.
You didn't know any spells.
Your spell library contained the following spells:

 Spells                   Type           Power        Failure   Level
 Summon Small Mammal      Summ           0%           69%         1
 Call Imp                 Summ           0%           83%         2
 Call Canine Familiar     Summ           0%           96%         3
 Summon Guardian Golem    Hex/Summ       0%           96%         3
 Summon Ice Beast         Ice/Summ       0%           100%        4
 Summon Lightning Spire   Summ/Air       0%           100%        4

Inventory:

Hand Weapons
 a - a +0 war axe (weapon)
 o - a +0 flail
Armour
 b - a +1 ring mail of cold resistance (worn)
 d - a +0 helmet (worn)
 g - a +0 pair of gloves (worn)
 h - a +0 chain mail
Jewellery
 w - a ring of see invisible (left hand)
Wands
 s - a wand of polymorph (4)
 v - a wand of paralysis (10)
Scrolls
 c - a scroll of noise {unknown}
 f - 9 scrolls of identify {unknown}
 i - 2 scrolls of teleportation {unknown}
 j - a scroll of enchant weapon {unknown}
 m - 2 scrolls of blinking {unknown}
 r - a scroll of amnesia {unknown}
 t - a scroll of magic mapping {unknown}
 u - a scroll of immolation {unknown}
Potions
 e - 3 potions of flight {unknown}
 k - a potion of brilliance {unknown}
 l - a potion of mutation {unknown}
 n - 3 potions of might {unknown}
 p - a potion of heal wounds {unknown}
 q - 2 potions of curing {@q1}

Dungeon Overview and Level Annotations

Branches:
Dungeon (6/15)              Sewer (visited)
 Temple: D:4-7

Altars:
Dithmenos
Okawaru
Trog
Uskayaw
Vehumet

Shops:
D:5 =

Annotations:
D:3 3 runed translucent doors, XanderDroid's ghost, amateur GnWn
D:4 Edmund
D:6 Maggie

.▒ ▒.▒.▒
▒..._...▒ )▒
▒.▒.▒ ▒.......▒
... ▒.▒.▒
▒......▒▒▒▒▒.▒.
....[....▒
▒▒.▒▒...........
..▒.▒▒.▒..
........▒▒▒▒▒▒▒▒
...... ▒.▒
▒▒▒▒▒...▒
▒▒▒.▒.. ▒...▒ .
.. ▒.).▒ ▒n).▒
▒o@▒▒ ▒Z...
▒..▒▒▒ ...▒
.>.(. ▒▒..▒ ▒..▒


You could see Maggie (mesmerising), an orc wizard (invisible) and a hound
skeleton.


Message History

Maggie casts a spell.
Maggie attempts to bespell you!
You are mesmerised by Maggie!
You hit Maggie.
Maggie is lightly wounded.
You hit the orc.
You kill the orc!
You closely miss the orc wizard. The orc wizard closely misses you.
Maggie hits you with a +2 glaive of flaming!
* * * LOW HITPOINT WARNING * * *
Maggie burns you!
* * * LOW HITPOINT WARNING * * *
You barely miss Maggie.
Maggie is lightly wounded.
You closely miss the orc wizard.
The orc wizard hits you but does no damage.
Unknown command.
You hit Maggie.
Maggie is lightly wounded.
You barely miss the orc wizard. Maggie casts a spell at you.
The bolt of fire hits you!
* * * LOW HITPOINT WARNING * * *
The orc wizard barely misses you.
Unknown command.
Unknown command.
It was a potion of curing.
Maggie hits you with a +2 glaive of flaming!
You die...

Action                   |  1- 3 |  4- 6 |  7- 9 || total
-------------------------+-------+-------+-------++-------
Melee: Hand axe          |   131 |   403 |    99 ||   633
       War axe           |       |       |    58 ||    58
  Use: Potion            |       |       |     1 ||     1
 Stab: Sleeping          |     5 |       |       ||     5
Armor: Robe              |    21 |       |       ||    21
       Chain mail        |     2 |   226 |    28 ||   256
       Ring mail         |       |       |    46 ||    46
Dodge: Dodged            |    87 |   163 |    98 ||   348

Levels and vault maps discovered:
D:1:      scummos_arrival_gate, layout_loops_corners, chequers_garden
D:2:      layout_rooms, nicolae_overflow_hidden_temple,
          okawaru_ov_weapons_minmay, nicolae_dithmenos_shadow_blocks
D:3:      layout_loops_ring, ebering_ghost_rock_garden
D:4:      layout_loops_ring, gup_sewer_entry_spiral, bloody_trog, uniq_menkaure,
          uniq_robin, uniq_edmund
D:5:      black_bear_nest_2, layout_rooms, serial_shops, shop, uniq_ijyb
D:6:      layout_loops_ring, lemuel_crystal_altar, temple_hall, basic_altar,
          centaur_isle, uniq_maggie, uniq_sigmund

Notes
Turn   | Place    | Note
-------+----------+-------------------------------------------
     0 | D:1      | sanka the Ghoul Monk began the quest for the Orb.
     0 | D:1      | Reached XP level 1. HP: 19/19 MP: 0/0
   235 | D:1      | Reached XP level 2. HP: 27/27 MP: 1/1
   498 | D:1      | Reached skill level 4 in Fighting
   675 | D:1      | Reached skill level 3 in Axes
   735 | D:1      | Reached XP level 3. HP: 31/33 MP: 2/2
  1431 | D:2      | Found a shadowy altar of Dithmenos.
  1440 | D:2      | Reached XP level 4. HP: 40/40 MP: 3/3
  1457 | D:2      | Reached skill level 4 in Axes
  1470 | D:2      | Found a radiant altar of Vehumet.
  1759 | D:2      | Found an iron altar of Okawaru.
  2220 | D:3      | Reached XP level 5. HP: 41/46 MP: 4/4
  2799 | D:3      | Noticed XanderDroid's ghost (amateur GnWn)
  2800 | D:3      | Found a runed translucent gate.
  2801 | D:3      | Found a runed translucent gate.
  2801 | D:3      | Found a runed translucent gate.
  3141 | D:4      | Reached skill level 5 in Axes
  3173 | D:4      | Noticed Robin
  3194 | D:4      | Killed Robin
  3279 | D:4      | Reached XP level 6. HP: 25/52 MP: 5/5
  3535 | D:4      | Reached skill level 6 in Axes
  3661 | D:4      | Found a glowing drain.
  3665 | Sewer    | Entered a sewer
  4174 | D:4      | Noticed Edmund
  4435 | D:4      | Noticed Menkaure
  4463 | D:4      | Killed Menkaure
  4464 | D:4      | Reached XP level 7. HP: 16/59 MP: 6/6
  4840 | D:4      | Reached skill level 7 in Axes
  5027 | D:4      | Found a bloodstained altar of Trog.
  5119 | D:5      | Entered Level 5 of the Dungeon
  5128 | D:5      | Found Huky's Jewellery Shoppe.
  5437 | D:5      | Noticed Ijyb
  5446 | D:5      | Killed Ijyb
  6244 | D:5      | Reached skill level 8 in Axes
  6480 | D:5      | Reached XP level 8. HP: 48/66 MP: 7/7
  7101 | D:6      | Found a hide-covered altar of Uskayaw.
  7125 | D:6      | Identified +0 steam dragon scales
  7125 | D:6      | Noticed Maggie
  7134 | D:6      | HP: 1/66 [Maggie/bolt of fire (10)]
  7135 | D:6      | Slain by Maggie

Vanquished Creatures
  Menkaure (D:4)
  A black bear (D:5)
  3 ogres
  2 scorpions (D:4)
  2 orc priests (D:5)
  2 orc wizards (D:5)
  Ijyb (D:5)
  A worker ant (D:4)
  A killer bee zombie (D:5)
  A hound zombie (D:4)
  Robin (D:4)
  7 adders
  3 river rats (D:4)
  A white imp (D:5)
  An adder zombie (D:5)
  6 worms
  3 dart slugs (D:1)
  6 leopard geckos
  20 orcs
  14 giant cockroaches
  12 hobgoblins
  9 jackals
  2 quokkas
  2 ball pythons
  7 bats
  14 frilled lizards
  9 goblins
  7 kobolds
  A leopard gecko skeleton (D:5)
  A quokka zombie (D:5)
  6 rats
147 creatures vanquished.
